 Dungeon Crawl Stone Soup version 0.30.1-9-gdf580d7c3d (webtiles) character file.

Game seed: 7860484041102860795

1006 Psyclone the Destroyer (level 8, -5/41 HPs)
             Began as a Deep Elf Conjurer on Sept 28, 2023.
             Was an Initiate of Ashenzari.
             Engulfed by a cloud of steam (8 damage)
             ... on level 6 of the Dungeon.
             The game lasted 00:12:18 (5632 turns).

Psyclone the Destroyer (Deep Elf Conjurer)          Turns: 5632, Time: 00:12:19

Health: -5/41      AC:  4    Str:  4    XL:     8   Next: 0%
Magic:  22/28      EV: 12    Int: 32    God:    Ashenzari [......]
Gold:   287        SH:  0    Dex: 13    Spells: 3/19 levels left

rFire   . . .        i - +0 dagger
rCold   . . .        (no shield)
rNeg    . . .        a - +1 robe "Julae" {+Blink MP+9 Slay-2 SInv}
rPois   .            (no helmet)
rElec   .            h - +0 cloak
rCorr   .            (no gloves)
SInv    +            (no boots)
Will    .....        m - amulet of magic regeneration
Stlth   ++           d - +6 ring of intelligence
HPRegen 0.26/turn    j - ring of flight
MPRegen 0.61/turn

%: no passive effects
@: flying
A: sturdy frame 1
a: Renounce Religion, Evoke Blink, Curse Item


You were on level 6 of the Dungeon.
You worshipped Ashenzari.
Ashenzari was noncommittal.
You visited 1 branch of the dungeon, and saw 6 of its levels.

You collected 287 gold pieces.

Inventory:

Hand Weapons
 i - a +0 dagger (weapon)
Armour
 a - the +1 robe "Julae" (worn) {+Blink MP+9 Slay-2 SInv}
   (You found it on level 3 of the Dungeon)

   Slay:      It affects your accuracy & damage with ranged weapons and melee
   (-2).
   MP:        It affects your magic capacity (+9).
   SInv:      It lets you see invisible.
   +Blink:    It lets you blink.
 h - a +0 cloak (worn)
Magical Staves
 f - a staff of fire
Jewellery
 d - a +6 ring of intelligence (left hand)
 j - a ring of flight (right hand)
 m - an amulet of magic regeneration (around neck)
 o - a ring of protection from fire
Wands
 k - a wand of roots (8)
Scrolls
 g - a scroll of torment
 l - a scroll of amnesia
 n - 2 scrolls of identify {@r1}
 p - a scroll of fog
Potions
 b - a potion of magic
 c - a potion of curing
 e - a potion of brilliance


   Skills:
 - Level 2.4 Dodging
 - Level 2.4 Stealth
 - Level 6.0 Spellcasting
 + Level 8.9 Conjurations
 + Level 4.2 Air Magic


You had 3 spell levels left.
You knew the following spells:

 Your Spells              Type           Power      Damage    Failure   Level
a - Magic Dart            Conj           100%       1d8       1%          1
b - Searing Ray           Conj           100%       2d8       1%          2
c - Arcjolt               Conj/Air       25%        1d35      9%          5
d - Fulminant Prism       Conj/Hex       19%        3d10      8%          4
e - Iskenderun's Mystic   Conj/Tloc      38%        2d9       8%          4

Your spell library contained the following spells:

 Spells                   Type           Power      Damage    Failure   Level
 Foxfire                  Conj/Fire      100%       2x1d9     1%          1
 Dazzling Flash           Conj/Hex       76%        N/A       2%          3
 Vhi's Electric Charge    Tloc/Air       46%        N/A       6%          3
 Maxwell's Capacitive Co  Air            18%        ∞         100%        8


Dungeon Overview and Level Annotations

Branches:
Dungeon (6/15) Zot: 26764  Temple (0/1) D:4

Altars:
Ashenzari
Cheibriados
Elyvilon
Ru
Sif Muna
Xom
Zin

Shops:
D:2 [

Annotations:
D:2 1 runed translucent door, Crazy Yiuf


Innate Abilities, Weirdness & Mutations

Your movements are slightly less encumbered by armour. (ER -2)


Message History

The steam dragon is moderately wounded.
The steam dragon closely misses you. The steam dragon claws you.
You take 3 damage, and have 24/41 hp.
The searing ray misses the steam dragon.
You finish channelling your searing ray.
The steam dragon closely misses you.
The steam dragon claws you but does no damage.
You now have 25/28 mp.
Casting: Searing Ray (safe; 1% risk of failure)
Confirm with . or Enter, or press ? or * to list all spells.
Aiming: Searing Ray (safe; 1% risk of failure)
Press: ? - help, Shift-Dir - straight line, f/p - steam dragon
Aim: a steam dragon (moderately wounded, 83% to hit)
The searing ray hits the steam dragon.
The steam dragon is heavily wounded. (Press . to maintain the ray.)
The steam dragon bites you but does no damage.
The steam dragon barely misses you.
You now have 24/28 mp.
The searing ray hits the steam dragon.
The steam dragon is heavily wounded.
The steam dragon barely misses you. The steam dragon closely misses you.
The searing ray hits the steam dragon!
The steam dragon is severely wounded.
The steam dragon breathes steam at you. The ball of steam hits you!!
Ouch! That really hurt!
* * * LOW HITPOINT WARNING * * *
You take 23 damage, and have 2/41 hp.
MASSIVE DAMAGE!!
You now have 23/28 mp.
There is a stone staircase leading up here.
Casting: Searing Ray (safe; 1% risk of failure)
Confirm with . or Enter, or press ? or * to list all spells.
Aiming: Searing Ray (safe; 1% risk of failure)
Press: ? - help, Shift-Dir - straight line, f/p - steam dragon
Aim: a steam dragon (steam, severely wounded, catching its breath, 83% to hit)
The searing ray hits the steam dragon!
You kill the steam dragon! (Press . to maintain the ray.)
You are engulfed in a cloud of scalding steam.
You die...

... #.#.# #.#.#
#.#.# #[#.# ###
#)#.# # #..
#[#.#.# #.#
#.#§#.# #.#
#§§@..# .#.#
#.#.###
.#<######## #.#§#
..........#
#..#.#
##.######.#
#..#.# #.# #.#
#..#.# #.# #.#
#..#.#
#.######.###..#.#
#>........##..#.#


There were no monsters in sight!

Vanquished Creatures
  Sigmund (D:3)
  A steam dragon (D:6)
  An ogre (D:5)
  2 phantoms (D:5)
  5 hounds
  An orc priest (D:6)
  Terence (D:3)
  2 iguanas
  9 orc wizards
  An adder (D:4)
  3 gnolls (D:5)
  An ufetubus (D:5)
  3 worms
  2 dart slugs (D:3)
  13 orcs
  A bat (D:2)
  5 endoplasms
  3 giant cockroaches (D:1)
  5 goblins
  8 hobgoblins
  A quokka (D:1)
  8 ball pythons
  3 frilled lizards
  4 kobolds
  6 rats
90 creatures vanquished.

Vanquished Creatures (others)
  2 fulminant prisms (D:3)
2 creatures vanquished.

Grand Total: 92 creatures vanquished

Notes
Turn   | Place    | Note
-------+----------+-------------------------------------------
     0 | D:1      | Psyclone the Deep Elf Conjurer began the quest for the Orb.
     0 | D:1      | Reached XP level 1. HP: 10/10 MP: 6/6
   332 | D:1      | Reached XP level 2. HP: 15/15 MP: 5/8
   426 | D:1      | Learned a level 2 spell: Searing Ray
   983 | D:2      | Reached XP level 3. HP: 19/19 MP: 7/10
   988 | D:2      | Reached skill level 5 in Conjurations
  1273 | D:2      | Found Duakifigu's Antique Armour Boutique.
  1743 | D:2      | Found a runed translucent door.
  1744 | D:2      | Noticed Crazy Yiuf
  1762 | D:2      | Gained mutation: Your movements are slightly less
                  | encumbered by armour. (ER -2) [potion of mutation]
  1820 | D:3      | Reached XP level 4. HP: 13/24 MP: 7/12
  1822 | D:3      | Reached skill level 5 in Spellcasting
  1920 | D:3      | Found a broken altar of Ashenzari.
  1936 | D:3      | Became a worshipper of Ashenzari the Shackled
  1996 | D:3      | Noticed Sigmund
  2444 | D:3      | Killed Sigmund
  2445 | D:3      | Reached skill level 6 in Conjurations
  2445 | D:3      | Reached XP level 5. HP: 16/28 MP: 6/15
  2559 | D:3      | Reached XP level 6. HP: 24/32 MP: 13/17
  2643 | D:3      | Found a shimmering blue altar of Sif Muna.
  2756 | D:3      | Learned a level 4 spell: Fulminant Prism
  2760 | D:3      | Reached skill level 7 in Conjurations
  2793 | D:3      | Got Sif Muna's Essays on the Blaze
  2826 | D:3      | Found a snail-covered altar of Cheibriados.
  2863 | D:3      | Found a sacrificial altar of Ru.
  2873 | D:3      | Identified the +1 robe "Julae" {+Blink MP+9 Slay-2 SInv}
  2948 | D:3      | Noticed Terence
  2960 | D:3      | Killed Terence
  3383 | D:3      | Learned a level 4 spell: Iskenderun's Mystic Blast
  3389 | D:3      | Learned a level 5 spell: Arcjolt
  3530 | D:4      | Found a staircase to the Ecumenical Temple.
  3877 | D:4      | Reached skill level 1 in Air Magic
  4291 | D:5      | Entered Level 5 of the Dungeon
  4295 | D:5      | Found a white marble altar of Elyvilon.
  4313 | D:5      | Reached XP level 7. HP: 36/36 MP: 18/18
  4334 | D:5      | Reached skill level 8 in Conjurations
  4603 | D:5      | Found a glowing silver altar of Zin.
  5086 | D:5      | Found a shimmering altar of Xom.
  5520 | D:6      | Reached XP level 8. HP: 15/41 MP: 19/19
  5630 | D:6      | HP: 2/41 [steam dragon/ball of steam (23)]
  5632 | D:6      | Engulfed by a cloud of steam

Illustrated notes

Levels and vault maps discovered:
D:1:      dpeg_arrival_round_c, layout_basic, minmay_fountain_box, minivault_25,
          skrybe_limestone_x, corner_web_ring, roderic_roman_lattice
D:2:      layout_loops_cross, serial_shops, nicolae_shop_real_fake_doors,
          minivault_4, mrwooster_statue_mirror, uniq_crazy_yiuf_cottage
D:3:      layout_loops_ring, led_sif_book, overflow_temple_1_default,
          kennysheep_slug_shrine, amcnicky_altar_gilded, eino_curves_01,
          uniq_sigmund, uniq_terence
D:4:      layout_loops_corners, minmay_temple_entry_mist
D:5:      layout_basic, zin_scriptorium, elyvilon_altar_5,
          mainiacjoe_overflow_cross_hatched
D:6:      layout_loops_ring, nicolae_uskayaw_dance_studio,
          grunt_qazlal_sundering, serial_shops, shop_statue,
          minmay_misc_feat_columns, minmay_a_box_with_orc_wizards_in_it

Skill      XL: |  1  2  3  4  5  6  7 |
---------------+----------------------+-----
Spellcasting   | 4 6 |  6.0
Conjurations   | 5 6 7 8 |  8.9
Air Magic      | 2 4 |  4.2
Dodging        | |  2.4
Stealth        | |  2.4

Action                     |  1- 3 |  4- 6 |  7- 9 || total
---------------------------+-------+-------+-------++-------
  Melee: Dagger            |     3 |     1 |       ||     4
   Cast: Magic Dart        |    60 |    46 |    26 ||   132
         Searing Ray       |     1 |    15 |    18 ||    34
         Fulminant Prism   |       |     2 |       ||     2
    Use: Scroll            |     5 |     2 |       ||     7
         Potion            |     3 |     1 |       ||     4
   Stab: Sleeping          |     1 |     1 |       ||     2
 Armour: Robe              |       |     6 |     5 ||    11
  Dodge: Dodged            |     3 |     7 |    16 ||    26
